 Dungeon Crawl Stone Soup version 0.29.1-13-g9f3cf754e1 (webtiles) character file.

Game seed: 9911561035795790356

22037 Sanktem7 the Warrior (level 12, -2/125 HPs)
             Began as a Minotaur Fighter on Jan 24, 2023.
             Was a High Priest of Okawaru.
             Slain by a guardian serpent (shapeshifter) (5 damage)
             ... on level 15 of the Dungeon.
             The game lasted 00:23:26 (13684 turns).

Sanktem7 the Warrior (Minotaur Fighter)            Turns: 13684, Time: 00:23:27

Health: -2/125     AC: 15    Str: 28    XL:     12   Next: 59%
Magic:  29/29      EV: 10    Int:  4    God:    Okawaru [*****.]
Gold:   680        SH:  5    Dex: 19    Spells: 11/11 levels left

rFire   + . .      SeeInvis .   k - +6 executioner's axe "Viweuco" {holy, *Slow rN+ MP+9 Dex+4, axerare=g}
rCold   . . .      Faith    .   (shield currently unavailable)
rNeg    + . .      Spirit   .   h - quicksilver dragon scales {rare}
rPois   +          Reflect  +   H - +0 hat of Focsinof {Drain Fly Dex+4}
rElec   .          Harm     .   q - +0 cloak
rCorr   .          Rampage  .   r - +1 pair of gloves {Stlth+}
Will    +....                   (no boots)
Stlth   ++........              C - amulet of reflection
HPRegen 0.30/turn               D - ring of fire
MPRegen 0.21/turn               A - ring of magical power

@: flying
A: horns 2, retaliatory headbutt, cold resistance 1, poison resistance, strong 1
a: Renounce Religion, Heroism, Finesse, Duel


You were on level 15 of the Dungeon.
You worshipped Okawaru.
Okawaru was extremely pleased with you.
You visited 1 branch of the dungeon, and saw 13 of its levels.

You collected 785 gold pieces.
You spent 105 gold pieces at shops.


Innate Abilities, Weirdness & Mutations

You have a pair of horns on your head.
You reflexively headbutt those who attack you in melee.
Your flesh is cold resistant. (rC+)
Your system is resistant to poisons. (rPois)
Your muscles are strong. (Str +4, Int/Dex -1)


   Skills:
 * Level 17.1 Fighting
 * Level 16.9(17.2) Axes
 - Level 5.0(12.1) Maces & Flails
 - Level 8.0 Armour
 - Level 3.6 Shields


You had 11 spell levels left.
You didn't know any spells.
Your spell library contained the following spells:

 Spells                   Type           Power      Damage    Failure   Level
 Foxfire                  Conj/Fire      0%         2x1d4     61%         1
 Poisonous Vapours        Pois/Air       0%         N/A       75%         2
 Scorch                   Fire           0%         2d5       75%         2
 Conjure Flame            Conj/Fire      0%         6-21      93%         3
 Inner Flame              Hex/Fire       0%         N/A       93%         3
 Ozocubu's Armour         Ice            0%         N/A       93%         3
 Corpse Rot               Necr/Pois/Air  0%         N/A       100%        4
 Flame Wave               Conj/Fire      0%         2d4       100%        4
 Alistair's Intoxication  Tmut/Pois      0%         N/A       100%        5
 Borgnjor's Vile Clutch   Necr/Erth      0%         N/A       100%        5
 Metabolic Englaciation   Hex/Ice        0%         N/A       100%        5
 Eringya's Noxious Bog    Tmut/Pois      0%         N/A       100%        6
 Borgnjor's Revivificati  Necr           0%         N/A       100%        8
 Summon Ice Beast         Ice/Summ       Unusable   N/A       N/A         4
 Summon Mana Viper        Hex/Summ       Unusable   N/A       N/A         5
 Death Channel            Necr           Unusable   N/A       N/A         6
 Simulacrum               Ice/Necr       Unusable   N/A       N/A         6
 Monstrous Menagerie      Summ           Unusable   N/A       N/A         7

Inventory:

Hand Weapons
 k - the +6 executioner's axe "Viweuco" (weapon) {holy, *Slow rN+ MP+9 Dex+4, axerare=g}
   (Okawaru gifted it to you on level 10 of the Dungeon)

   It has been blessed by the Shining One to cause great damage to the undead
   and demons.
   Dex:       It affects your dexterity (+4).
   rN:        It protects you from negative energy.
   MP:        It affects your magic capacity (+9).
   *Slow:     It may slow you when you take damage.
 w - a +2 hand axe of electrocution {axe}
   (You took it off an orc on level 4 of the Dungeon)
Missiles
 c - 34 stones (quivered) {throwing}
 f - 2 throwing nets {=f!fthrowing}
 v - 2 curare-tipped darts {=fthrowing}
 x - 29 poisoned darts {throwing}
 B - 8 boomerangs {throwing}
 E - an atropa-tipped dart {throwing}
Armour
 h - quicksilver dragon scales (worn) {rare}
   (You found it on level 1 of the Dungeon)
 q - a +0 cloak (worn)
   (You found it on level 2 of the Dungeon)
 r - a +1 pair of gloves of stealth (worn)
   (You found it on level 5 of the Dungeon)
 H - the +0 hat of Focsinof (worn) {Drain Fly Dex+4}
   (Okawaru gifted it to you on level 11 of the Dungeon)

   Dex:       It affects your dexterity (+4).
   Fly:       It grants you flight.
   Drain:     It drains your maximum health when unequipped.
 N - a +2 hat
   (You found it on level 12 of the Dungeon)
Jewellery
 A - a ring of magical power (right hand)
   (You found it on level 10 of the Dungeon)
 C - an amulet of reflection (around neck)
   (You found it on level 7 of the Dungeon)
 D - a ring of fire (left hand)
   (You found it on level 8 of the Dungeon)
Wands
 e - a wand of iceblast (8)
   (You found it on level 7 of the Dungeon)
 p - a wand of flame (92)
   (You found it on level 2 of the Dungeon)
 F - a wand of quicksilver (3)
   (You found it on level 11 of the Dungeon)
 J - a wand of paralysis (3)
   (You found it on level 11 of the Dungeon)
Scrolls
 i - 4 scrolls of teleportation {@r4}
 j - 5 scrolls of identify {@r1}
 s - 6 scrolls of blinking {!r}
 u - 5 scrolls of immolation {!r!r}
 K - a scroll of fear {unknown}
 L - a scroll of poison
 M - a scroll of enchant weapon {unknown}
Potions
 a - 3 potions of flight
 b - 4 potions of curing {@q1}
 d - 3 potions of might
 g - 4 potions of mutation {!q}
 l - a potion of berserk rage {!q}
 m - 3 potions of attraction {unknown}
 n - 2 potions of invisibility {unknown}
 o - 2 potions of lignification {unknown}
 t - 2 potions of haste {unknown}
 z - a potion of ambrosia {unknown}
 G - a potion of brilliance {unknown}
 I - a potion of heal wounds {unknown}

Dungeon Overview and Level Annotations

Branches:
Dungeon (12/15) Zot: 26657  Temple (0/1) D:4            Lair (0/5) D:8
    Orc (0/2) D:9

Altars:
Ashenzari
Cheibriados
Fedhas
Hepliaklqana
Nemelex Xobeh
Okawaru
Vehumet
Xom
The Shining One

Shops:
D:7 *   D:10 [

Annotations:
D:3 2 transporters, ghostp's ghost, amateur DEEE
D:4 2 transporters, exclusion: oklob plant

#..........
###'#...... #.#######
+# .#######.### .#
...........# ..
...........# .#
...........#.# .#
...........#.####.####
...........#.#.?@S...#
...........#.#.##.##.#
..######'###.#.# .# #
#.# #.#.# .# #.###.#.#
.# #.....#.# ..
######..# .# ##.# .#
#.#


You could see a guardian serpent.


Message History

You kill the centaur warrior!
Okawaru accepts your kill.
The centaur shoots an arrow.
The arrow hits you.
The centaur wields a +0 shortbow.
The centaur shoots an arrow.
You reflect the arrow off an invisible shield around you!
The arrow hits the centaur!
The centaur shoots an arrow.
The arrow barely misses you. 😮 HP[-5]
You take 5 damage, and now have 65/124 hp.
The centaur unwields a +0 shortbow.
The centaur hits you but does no damage.
The centaur completely misses you.
The centaur unwields a +0 shortbow.
The centaur barely misses you.
The centaur kicks you but does no damage.
There is an open door, spattered with blood here.
You see here a +0 longbow {bow}.
You slice the centaur like a ripe choko!!!
You kill the centaur!
Okawaru accepts your kill.
You slash the centaur!
The centaur hits you but does no damage.
The centaur kicks you but does no damage.
The centaur barely misses you.
You block the centaur's attack. 😮 HP[+1]
You hit the centaur but do no damage. You headbutt the centaur.
You kill the centaur!
Okawaru accepts your kill.
Your Fighting skill increases to level 17! 😮 HP[+1]
You now have 125 max hp (+1).
You start resting. 😎 HP[+58]
Your hp is fully restored (125).
You see here a +0 shortbow {bow}.
m - 3 murky white potions (gained 1)
You reach down and open the door.
There is an open door here.
A boulder beetle comes into view.
The boulder beetle curls into a ball and begins rolling!
The boulder beetle hits you!!
The boulder beetle stops rolling and uncurls. 😮 HP[-32]
You take 32 damage, and now have 93/125 hp.
MASSIVE DAMAGE!! (PAUSE)
You slash the boulder beetle! You headbutt the boulder beetle.
The boulder beetle bites you. 😮 HP[-3]
You take 3 damage, and now have 90/125 hp.
You slash the boulder beetle!
Your headbutt misses the boulder beetle.
The boulder beetle bites you! 😮 HP[-14]
You take 14 damage, and now have 76/125 hp.
You slice the boulder beetle!! You headbutt the boulder beetle.
The boulder beetle bites you. 😮 HP[-4]
You take 4 damage, and now have 72/125 hp.
You slash the boulder beetle! You headbutt the boulder beetle.
You kill the boulder beetle!
Okawaru is honoured by your kill. 😮 HP[+1] 😮 HP[+1]
You reach down and open the door.
There is an open door here. 😮 HP[+1] 😮 HP[+1] 😮 HP[+1] 😮 HP[+1]
A guardian serpent comes into view.
The guardian serpent shouts!
You see here a scroll labelled QUDAPLOEFE.
The guardian serpent hits you but does no damage.
The guardian serpent completely misses you. 😮 HP[+1]
You closely miss the guardian serpent.
Your headbutt misses the guardian serpent.
The guardian serpent hits you! 😮 HP[-10]
You take 10 damage, and now have 69/125 hp.
You slash the guardian serpent! The guardian serpent hits you!
* * * LOW HITPOINT WARNING * * *
The guardian serpent hits you.
* * * LOW HITPOINT WARNING * * *
😨 HP[-22]
You take 22 damage, and now have 47/125 hp.
You closely miss the guardian serpent. You headbutt the guardian serpent!
The guardian serpent hits you!
* * * LOW HITPOINT WARNING * * *
The guardian serpent hits you but does no damage. 😨 HP[-10]
You take 10 damage, and now have 37/125 hp.
You slice the guardian serpent!! The guardian serpent hits you!!
* * * LOW HITPOINT WARNING * * *
😱 HP[-19]
You take 19 damage, and now have 18/125 hp.
You hit the guardian serpent but do no damage.
The guardian serpent hits you!
* * * LOW HITPOINT WARNING * * *
The guardian serpent hits you.
You die...

Skill      XL: |  1  2  3  4  5  6  7  8  9 10 11 12 |
---------------+-------------------------------------+-----
Fighting       | 4 5 6 7 9 11 13 15 17 | 17.1
Axes           | 3 4 5 6 7 9 11 13 15 16 | 16.9
Armour         | 4 5 6 7 8 |  8.0
Maces & Flails | 5 |  5.0
Shields        | |  3.6

Action                   |  1- 3 |  4- 6 |  7- 9 | 10-12 || total
-------------------------+-------+-------+-------+-------++-------
Melee: War axe           |    77 |    78 |       |       ||   155
       Headbutt          |    14 |    16 |    36 |    54 ||   120
       Hand axe          |       |    26 |   231 |    59 ||   316
       Executioner's axe |       |       |       |   150 ||   150
  Use: Scroll            |       |       |     6 |     5 ||    11
       Potion            |       |       |     1 |     4 ||     5
 Stab: Sleeping          |       |       |     1 |       ||     1
Armor: Scale mail        |     8 |       |       |       ||     8
       Quicksilver drago |    27 |    81 |   112 |    92 ||   312
Dodge: Dodged            |    35 |    66 |    73 |    96 ||   270
Block: Buckler           |     9 |    22 |    72 |    22 ||   125
       Reflection        |       |       |     2 |    10 ||    12
       Other             |       |       |       |    37 ||    37

Levels and vault maps discovered:
D:1:      amcnicky_arrival_abandoned_market, layout_loops_ring, st_stairs_13
D:2:      layout_basic
D:3:      layout_loops_ring, nicolae_tso_swordbearing_angel, okawaru_trees_1,
          evilmike_ruin_ashenzari, gammafunk_ghost_stat_death, minivault_24,
          hangedman_decor_growths, uniq_natasha
D:4:      layout_basic, tgw_fedhas, minmay_temple_entry_sparse_star,
          gammafunk_ghost_gnarly_gnolls, dk_noncrumbling_3
D:5:      layout_cave_pools, uniq_blork_the_orc
D:6:      layout_loops_ring, slow_altar_1, mainiacjoe_overflow_catwalk_spiral,
          chequers_garden
D:7:      layout_cave_pools, serial_shops, nicolae_square_shop, nicolae_sextant
D:8:      layout_basic, nicolae_overflow_crystal_walls, lair_entry_dummy
D:9:      layout_layer_cave, erik_orc_3
D:10:     layout_grid_maze, xom_confusion_cloud, serial_shops,
          nicolae_inconvenience_store, nicolae_underground_beach, uniq_maggie,
          uniq_snorg
D:11:     layout_stronghold
D:12:     layout_basic, item_on_display_a, uniq_kirke
D:15:     hangedman_depths_entry_try_elsewhere_first, layout_basic,
          hangedman_abyss_or_decor_stabs, serial_park_tiny_1,
          nicolae_concentric_dashed_squares_mild

Notes
Turn   | Place    | Note
-------+----------+-------------------------------------------
     0 | D:1      | Sanktem7 the Minotaur Fighter began the quest for the Orb.
     0 | D:1      | Reached XP level 1. HP: 19/19 MP: 0/0
     0 | D:1      | magus.rc [v1.9.6]
   266 | D:1      | Reached XP level 2. HP: 27/27 MP: 1/1
   316 | D:1      | Reached skill level 4 in Fighting
   317 | D:1      | h - quicksilver dragon scales {rare}
   328 | D:1      | You finish putting on your quicksilver dragon scales
                  | {rare}.
   405 | D:1      | Reached skill level 3 in Axes
   961 | D:2      | Reached XP level 3. HP: 33/33 MP: 2/2
   980 | D:2      | You pick up a book of Winter and begin reading...
   980 | D:2      | You add the spells Ozocubu's Armour, Metabolic Englaciation
                  | and Simulacrum to your library.
   990 | D:2      | Reached skill level 4 in Armour
  1016 | D:2      | You pick up a book of Beasts and begin reading...
  1016 | D:2      | You add the spells Summon Ice Beast, Summon Mana Viper and
                  | Monstrous Menagerie to your library.
  1715 | D:3      | Reached XP level 4. HP: 35/41 MP: 3/3
  1722 | D:3      | Reached skill level 4 in Axes
  1756 | D:3      | Reached skill level 5 in Fighting
  1902 | D:3      | Found a broken altar of Ashenzari.
  1964 | D:3      | Found a transporter.
  1976 | D:3      | Noticed ghostp's ghost (amateur DEEE)
  2017 | D:3      | Found a transporter.
  2038 | D:3      | Noticed Natasha
  2042 | D:3      | Killed Natasha
  2043 | D:3      | Reached XP level 5. HP: 48/48 MP: 4/4
  2106 | D:3      | Found an iron altar of Okawaru.
  2116 | D:3      | Became a worshipper of Warmaster Okawaru
  2141 | D:3      | Noticed Natasha
  2148 | D:3      | Killed Natasha
  2274 | D:3      | Found a glowing golden altar of the Shining One.
  2744 | D:3      | Noticed Natasha
  2752 | D:3      | Killed Natasha
  2753 | D:3      | Reached skill level 5 in Axes
  2869 | D:4      | Found a staircase to the Ecumenical Temple.
  2987 | D:4      | Reached XP level 6. HP: 48/57 MP: 5/5
  3215 | D:4      | Found a transporter.
  3216 | D:4      | Found a transporter.
  3398 | D:4      | Found a blossoming altar of Fedhas.
  3420 | D:4      | Noticed an oklob plant
  3575 | D:5      | Entered Level 5 of the Dungeon
  3594 | D:5      | Reached skill level 6 in Fighting
  3594 | D:5      | Reached skill level 5 in Armour
  3684 | D:5      | Noticed a water moccasin
  3685 | D:5      | Noticed a steam dragon
  3697 | D:5      | Killed a water moccasin
  3697 | D:5      | Reached * piety under Okawaru
  3699 | D:5      | Killed a steam dragon
  3700 | D:5      | Reached skill level 6 in Axes
  3700 | D:5      | Reached XP level 7. HP: 52/64 MP: 6/6
  3918 | D:5      | Noticed Blork the orc
  3926 | D:5      | Killed Blork the orc
  3927 | D:5      | Reached skill level 7 in Fighting
  4089 | D:5      | Reached ** piety under Okawaru
  4253 | D:6      | Reached skill level 7 in Axes
  4253 | D:6      | Gained mutation: Your flesh is cold resistant. (rC+)
                  | [potion of mutation]
  4253 | D:6      | Gained mutation: Your muscles are strong. (Str +4, Int/Dex
                  | -1) [potion of mutation]
  4253 | D:6      | Gained mutation: Your system is resistant to poisons.
                  | (rPois) [potion of mutation]
  4319 | D:6      | Reached skill level 6 in Armour
  4344 | D:6      | Reached XP level 8. HP: 74/74 MP: 7/7
  4390 | D:6      | Reached skill level 8 in Fighting
  4477 | D:6      | Reached skill level 8 in Axes
  4483 | D:6      | Found a snail-covered altar of Cheibriados.
  4582 | D:6      | You pick up a book of Vapours and begin reading...
  4582 | D:6      | You add the spells Poisonous Vapours and Corpse Rot to your
                  | library.
  4630 | D:6      | Reached *** piety under Okawaru
  4733 | D:6      | Found a radiant altar of Vehumet.
  4831 | D:6      | Found a hazy altar of Hepliaklqana.
  4904 | D:6      | Reached skill level 9 in Fighting
  5146 | D:7      | Reached skill level 7 in Armour
  5178 | D:7      | Reached skill level 9 in Axes
  5248 | D:7      | Reached XP level 9. HP: 84/85 MP: 8/8
  5308 | D:7      | Reached **** piety under Okawaru
  5374 | D:7      | Reached skill level 10 in Fighting
  5518 | D:7      | You add the spells Scorch, Flame Wave and Borgnjor's
                  | Revivification to your library.
  5518 | D:7      | Got the Disquisition on Maleficent Magic and the Summer
  5669 | D:7      | Found Tuidus's Assorted Antiques.
  5677 | D:7      | Bought a twisted copper amulet for 105 gold pieces
  5864 | D:8      | Reached skill level 10 in Axes
  5915 | D:8      | Found a staircase to the Lair.
  5987 | D:8      | Reached skill level 8 in Armour
  6259 | D:8      | Found a sparkling altar of Nemelex Xobeh.
  6738 | D:9      | Reached skill level 11 in Fighting
  6776 | D:9      | Found a staircase to the Orcish Mines.
  6813 | D:9      | Reached skill level 11 in Axes
  6821 | D:9      | Reached ***** piety under Okawaru
  7092 | D:9      | Reached XP level 10. HP: 96/97 MP: 9/9
  7786 | D:9      | Reached skill level 12 in Fighting
  8314 | D:9      | Identified a potion of experience
  8314 | D:9      | Reached skill level 13 in Fighting
  8314 | D:9      | Reached skill level 13 in Axes
  8314 | D:9      | Reached skill level 5 in Maces & Flails
  8314 | D:9      | Reached XP level 11. HP: 108/108 MP: 10/10
  8344 | D:10     | Entered Level 10 of the Dungeon
  8379 | D:10     | Reached skill level 14 in Fighting
  8481 | D:10     | Found Woimoec's Antique Armour Shoppe.
  8572 | D:10     | Reached skill level 14 in Axes
  8585 | D:10     | Identified the +6 executioner's axe "Viweuco" {holy, *Slow
                  | rN+ MP+9 Dex+4} (Okawaru gifted it to you on level 10 of
                  | the Dungeon)
  8585 | D:10     | Received a gift from Okawaru
  8808 | D:10     | k - the +6 executioner's axe "Viweuco" {holy, *Slow rN+
                  | MP+9 Dex+4, axerare=g}
  8815 | D:10     | the +6 executioner's axe "Viweuco" {holy, *Slow rN+ MP+9
                  | Dex+4, axerare=g} softly glows with a divine radiance!
  8815 | D:10     | k - the +6 executioner's axe "Viweuco" (weapon) {holy,
                  | *Slow rN+ MP+9 Dex+4, axerare=g}
  8892 | D:10     | Found a shimmering altar of Xom.
  8893 | D:10     | Noticed a two-headed ogre
  9360 | D:10     | Killed a two-headed ogre
  9725 | D:10     | Reached skill level 15 in Fighting
  9849 | D:10     | Noticed Maggie
  9856 | D:10     | Killed Maggie
 10104 | D:10     | Noticed Snorg
 10115 | D:10     | Killed Snorg
 10116 | D:10     | Reached skill level 15 in Axes
 10117 | D:10     | HP: 26/112 [orc warrior/+0 scimitar (4)]
 10663 | D:11     | Received a gift from Okawaru
 10918 | D:11     | Noticed a two-headed ogre
 10922 | D:11     | Killed a two-headed ogre
 10922 | D:11     | Identified the +0 hat of Focsinof {Drain Fly Dex+4}
                  | (Okawaru gifted it to you on level 11 of the Dungeon)
 10922 | D:11     | Received a gift from Okawaru
 11124 | D:11     | Noticed a two-headed ogre
 11129 | D:11     | Killed a two-headed ogre
 11132 | D:11     | Reached XP level 12. HP: 84/122 MP: 11/11
 11311 | D:11     | You add the spells Alistair's Intoxication, Borgnjor's Vile
                  | Clutch and Eringya's Noxious Bog to your library.
 11415 | D:11     | You pick up a book of Flames and begin reading...
 11415 | D:11     | You add the spells Foxfire, Conjure Flame and Inner Flame
                  | to your library.
 11518 | D:11     | Noticed a two-headed ogre
 11528 | D:11     | Killed a two-headed ogre
 11676 | D:11     | Identified the +3 scale mail "Epnemuex" {Contam +Blink
                  | rElec}
 11696 | D:11     | Reached skill level 16 in Fighting
 12091 | D:12     | Reached skill level 16 in Axes
 12485 | D:12     | Noticed a two-headed ogre
 12495 | D:12     | Killed a two-headed ogre
 13343 | D:12     | You are sucked into a shaft and drop 3 floors!
 13343 | D:15     | Entered Level 15 of the Dungeon
 13423 | D:15     | Noticed a centaur warrior
 13436 | D:15     | Killed a centaur warrior
 13440 | D:15     | Reached skill level 17 in Fighting
 13651 | D:15     | Noticed a boulder beetle
 13658 | D:15     | Killed a boulder beetle
 13683 | D:15     | HP: 18/125 [guardian serpent (shapeshifter) (19)]
 13684 | D:15     | HP: 3/125 [guardian serpent (shapeshifter) (15)]
 13684 | D:15     | Slain by a guardian serpent (shapeshifter)

Vanquished Creatures
  Snorg (D:10)
  A boulder beetle (D:15)
  A centaur warrior (D:15)
  5 two-headed ogres
  An ugly thing (D:12)
  Maggie (D:10)
  A kobold demonologist (D:12)
  An efreet (D:9)
  A troll (D:11)
  6 slime creatures (D:12)
  A shadow (D:12)
  18 yaks
  2 wraiths
  A wyvern (D:9)
  4 water elementals (D:10)
  A basilisk (D:12)
  A steam dragon (D:5)
  14 vampire mosquitoes
  2 acid dragons (D:10)
  A water moccasin (D:5)
  5 orc warriors
  3 ice beasts
  A black bear (D:7)
  2 sky beasts
  2 ogres
  5 centaurs
  4 kobold brigands
  5 bullfrogs
  Blork the orc (D:5)
  2 scorpions
  A necrophage (D:6)
  A gnoll sergeant (D:7)
  4 wights (D:9)
  6 killer bees (D:8)
  10 howler monkeys
  7 orc priests
  2 hounds
  2 jellies
  A gnoll bouda (D:7)
  4 iguanas
  An iron imp (D:6)
  Natasha (thrice) (D:3)
  14 orc wizards
  13 gnolls
  3 adders
  A shadow imp (D:6)
  2 ufetubi
  2 worms (D:2)
  A dart slug (D:2)
  30 orcs
  6 endoplasms
  A giant cockroach (D:2)
  7 goblins
  4 hobgoblins
  7 jackals
  3 quokkas
  3 ball pythons
  7 bats
  3 frilled lizards
  18 kobolds
  2 rats
263 creatures vanquished.

Vanquished Creatures (others)
  A troll (D:10)
  An orc wizard (D:10)
  6 plants (D:4)
8 creatures vanquished.

Grand Total: 271 creatures vanquished

Table legend:
 A = Non-vault XP
 B = Vault XP
 C = Vault XP percentage of total XP
 D = Non-vault monster count
 E = Vault monster count
 F = Vault count percentage of total count
                 A         B        C        D         E       F
            +---------+---------+-------+---------+---------+-------
      Total |   20781 |    4484 |  17.7 |     235 |      28 |  10.6
            +---------+---------+-------+---------+---------+-------
        D:1 |      30 |       1 |   3.2 |      19 |       1 |   5.0
        D:2 |      41 |       0 |   0.0 |      12 |       0 |   0.0
        D:3 |     229 |      35 |  13.3 |      24 |       1 |   4.0
        D:4 |      98 |       0 |   0.0 |      11 |       0 |   0.0
        D:5 |     588 |      87 |  12.9 |      10 |       1 |   9.1
        D:6 |    1210 |      39 |   3.1 |      27 |       1 |   3.6
        D:7 |    1028 |       0 |   0.0 |      23 |       0 |   0.0
        D:8 |     814 |       0 |   0.0 |      16 |       0 |   0.0
        D:9 |    1725 |    1051 |  37.9 |      19 |      15 |  44.1
       D:10 |    2414 |    3271 |  57.5 |      17 |       9 |  34.6
       D:11 |    5400 |       0 |   0.0 |      23 |       0 |   0.0
       D:12 |    5276 |       0 |   0.0 |      30 |       0 |   0.0
       D:15 |    1928 |       0 |   0.0 |       4 |       0 |   0.0
            +---------+---------+-------+---------+---------+-------

Illustrated notes

Table legend:
 A = Kills in this place as a percentage of kills in entire the game.
 B = Kills by you in this place as a percentage of kills by you in the entire game.
 C = Kills by friends in this place as a percentage of kills by friends in the entire game.
 D = Other kills in this place as a percentage of other kills in the entire game.
 E = Experience gained in this place as a percentage of experience gained in the entire game.
 F = Experience gained in this place divided by the number of levels of this place that you have seen.
                   A       B       C       D       E      F
               +-------+-------+-------+-------+-------+----------------------
         Total | 100.0 | 100.0 |   N/A |   N/A | 100.0 | 1943.5
       Dungeon | 100.0 | 100.0 |   N/A |   N/A | 100.0 | 1943.5
               +-------+-------+-------+-------+-------+----------------------

Table legend: (Time is in decaauts)
 A = Elapsed time spent in this place.
 B = Non-inter-level travel time spent in this place.
 C = Inter-level travel time spent in this place.
 D = Time resting spent in this place.
 E = Time spent auto-exploring this place.
 F = Levels seen in this place.
 G = Mean time per level.
                   A        B        C        D        E       F      G
               +--------+--------+--------+--------+--------+-----+--------+
         Total |  13747 |  13300 |    447 |    916 |  10694 |  13 | 1057.5 |
       Dungeon |  13747 |  13300 |    447 |    916 |  10694 |  13 | 1057.5 |
               +--------+--------+--------+--------+--------+-----+--------+

Top non-repeatable levels by time:
     D:9: 2145 daAuts
    D:10: 1838 daAuts
    D:11: 1450 daAuts
    D:12: 1283 daAuts
     D:3: 1211 daAuts
     D:6: 888 daAuts
     D:2: 873 daAuts
     D:1: 829 daAuts
     D:8: 814 daAuts
     D:4: 721 daAuts
     D:7: 688 daAuts
     D:5: 659 daAuts
    D:15: 341 daAuts
